 Dungeon Crawl Stone Soup version 0.28-a0-1356-g2ad6d04315 (webtiles) character file.

Game seed: 1990431908076897743

224 rogsnak the Gusty (level 6, -4/49 HPs)
             Began as a Naga Air Elementalist on Dec 30, 2021.
             Killed from afar by an orc wizard (9 damage)
             ... with a puff of flame
             ... on level 2 of the Dungeon.
             The game lasted 00:05:23 (2850 turns).

rogsnak the Gusty (Naga Air Elementalist)           Turns: 2850, Time: 00:05:23

Health: -4/49      AC:  3    Str: 11    XL:     6   Next: 0%
Magic:  4/11       EV: 10    Int: 17    God:
Gold:   97         SH:  0    Dex: 15    Spells: 10/11 levels left

rFire   . . .      SeeInvis +   k - +6 short sword of Qokiwew {freeze, Dex+4}
rCold   . . .      Faith    .   (no shield)
rNeg    . . .      Spirit   .   a - +0 robe
rPois   +          Reflect  .   (no helmet)
rElec   .          Harm     .   (no cloak)
rCorr   .          Rampage  .   (no gloves)
Will    .....                   (no barding)
Stlth   ++........              (no amulet)
HPRegen 0.16/turn               (no ring)
MPRegen 0.12/turn               (no ring)

@: very slow
A: AC +2, large, see invisible, deformed body, poison resistance, slowness 2,
spit poison 1, naga tail 1
a: Spit Poison


You were on level 2 of the Dungeon.
You visited 1 branch of the dungeon, and saw 3 of its levels.

You collected 97 gold pieces.

Inventory:

Hand Weapons
 d - a +0 club
 h - a +0 short sword
 k - the +6 short sword of Qokiwew (weapon) {freeze, Dex+4}
   (You found it on level 2 of the Dungeon)

   It freezes those it strikes, dealing additional cold damage.
   It can also slow down cold-blooded creatures.
   Dex:       It affects your dexterity (+4).
Missiles
 b - 129 stones
 e - 5 boomerangs
Armour
 a - a +0 robe (worn)
 l - the +5 ring mail of the Nine Violins {Drain rC+ rN+ Int+4}
   (You found it on level 2 of the Dungeon)

   Int:       It affects your intelligence (+4).
   rC:        It protects you from cold.
   rN:        It protects you from negative energy.
   Drain:     It drains your maximum health when unequipped.
Scrolls
 c - 3 scrolls of enchant weapon {unknown}
 f - a scroll of immolation {unknown}
 g - a scroll of teleportation {unknown}
 i - 3 scrolls of magic mapping {unknown}
 m - a scroll of identify {unknown}
Potions
 j - a potion of attraction {unknown}
 n - a potion of curing {unknown}
 o - 2 potions of might {unknown}


   Skills:
 + Level 1.8 Dodging
 - Level 3.0 Stealth
 + Level 3.3 Spellcasting
 * Level 3.5 Conjurations
 + Level 4.2 Air Magic


You had 10 spell levels left.
You knew the following spells:

 Your Spells              Type           Power      Damage    Failure   Level
a - Shock                 Conj/Air       64%        1d7       3%          1

Your spell library contained the following spells:

 Spells                   Type           Power      Damage    Failure   Level
 Static Discharge         Conj/Air       16%        N/A       5%          2
 Swiftness                Air            17%        N/A       9%          3
 Poisonous Vapours        Pois/Air       20%        N/A       11%         2
 Sting                    Tmut/Pois      8%         1d3       17%         1
 Airstrike                Air            8%         N/A       28%         4
 Olgreb's Toxic Radiance  Pois           2%         N/A       86%         4


Dungeon Overview and Level Annotations

Branches:
Dungeon (3/15)

Altars:
Uskayaw


Innate Abilities, Weirdness & Mutations

Your serpentine skin is tough. (AC +2)
You have supernaturally acute eyesight. (SInv)
Armour fits poorly on your strangely shaped body.
Your system is resistant to poisons. (rPois)
You cover ground very slowly.
You can spit poison.
You have a snake-like lower body.


Message History

The magic dart hits you!
Casting: Shock (safe; 3% risk of failure)
Confirm with . or Enter, or press ? or * to list all spells.
Aiming: Shock (safe; 3% risk of failure)
Press: ? - help, Shift-Dir - straight line, f/p - orc wizard
Aim: an orc wizard, wielding a +2 dagger of protection and wearing a +0 robe (heavily wounded, 64% to hit)
The zap misses the orc wizard.
The orc wizard misses you.
The orc wizard hits you with a +2 dagger of protection.
Unknown command.
Casting: Shock (safe; 3% risk of failure)
Confirm with . or Enter, or press ? or * to list all spells.
Aiming: Shock (safe; 3% risk of failure)
Press: ? - help, Shift-Dir - straight line, f/p - orc wizard
Aim: an orc wizard, wielding a +2 dagger of protection and wearing a +0 robe (heavily wounded, 64% to hit)
The zap misses the orc wizard.
The orc wizard hits you with a +0 dagger.
The orc wizard hits you with a +2 dagger of protection.
* * * LOW HITPOINT WARNING * * *
Casting: Shock (safe; 3% risk of failure)
Confirm with . or Enter, or press ? or * to list all spells.
Aiming: Shock (safe; 3% risk of failure)
Press: ? - help, Shift-Dir - straight line, f/p - orc wizard
Aim: an orc wizard, wielding a +2 dagger of protection and wearing a +0 robe (heavily wounded, 64% to hit)
The zap misses the orc wizard.
The orc wizard barely misses you. The orc wizard casts a spell at you.
The magic dart hits you.
* * * LOW HITPOINT WARNING * * *
Your magical contamination has completely faded away.
Casting: Shock (safe; 3% risk of failure)
Confirm with . or Enter, or press ? or * to list all spells.
Aiming: Shock (safe; 3% risk of failure)
Press: ? - help, Shift-Dir - straight line, f/p - orc wizard
Aim: an orc wizard, wielding a +2 dagger of protection and wearing a +0 robe (heavily wounded, 64% to hit)
The zap hits the orc wizard.
The orc wizard is heavily wounded.
The orc wizard hits you with a +0 dagger.
* * * LOW HITPOINT WARNING * * *
The orc wizard casts a spell at you. The puff of flame hits you!
You die...

###........## #..##.#..#
......._..########..##.#..#
.................#..#..#..#
.##..............#..#.##..#
#.......#........#........#
###..##..........#.......##
§##..#####.......####.####
≈#.............oo####.#
§##.######...<.)@##...#
§'..# ##########.### .'..#
#.# §##.# #.# §##.#######
#.# ≈##.......# #######.#
###[...##.# #.......#
####.#.##.###.#######
...#.#........#


You could see 2 orc wizards.

Vanquished Creatures
  A water moccasin skeleton (D:2)
  Natasha (thrice) (D:2)
  An orc wizard (D:2)
  2 adders (D:2)
  4 dart slugs
  4 orcs (D:2)
  3 endoplasms
  A giant cockroach (D:2)
  5 goblins
  4 hobgoblins (D:2)
  7 jackals (D:2)
  3 ball pythons
  5 bats
  4 frilled lizards
  2 kobolds (D:1)
  2 rats
51 creatures vanquished.

Notes
Turn   | Place    | Note
-------+----------+-------------------------------------------
     0 | D:1      | rogsnak the Naga Air Elementalist began the quest for the
                  | Orb.
     0 | D:1      | Reached XP level 1. HP: 15/15 MP: 3/3
   228 | D:1      | Reached XP level 2. HP: 21/22 MP: 0/5
   896 | D:2      | Found a hide-covered altar of Uskayaw.
   938 | D:2      | HP: 1/22 [water moccasin skeleton (8)]
   941 | D:2      | Reached XP level 3. HP: 1/28 MP: 1/7
   941 | D:2      | Reached XP level 4. HP: 1/36 MP: 1/8
  1485 | D:2      | Identified the +6 short sword of Qokiwew {freeze, Dex+4}
  1578 | D:2      | Found a faded altar of an unknown god.
  1705 | D:2      | Noticed Natasha
  1715 | D:2      | Killed Natasha
  1716 | D:2      | Reached skill level 4 in Air Magic
  1716 | D:2      | Reached XP level 5. HP: 42/42 MP: 2/9
  1790 | D:2      | Noticed Natasha
  1801 | D:2      | Killed Natasha
  2074 | D:2      | Identified the +5 ring mail of the Nine Violins {Drain rC+
                  | rN+ Int+4}
  2258 | D:2      | Noticed Natasha
  2263 | D:2      | Killed Natasha
  2605 | D:2      | Reached XP level 6. HP: 27/49 MP: 3/11
  2850 | D:2      | Killed from afar by an orc wizard

Illustrated notes

Levels and vault maps discovered:
D:1:      dpeg_arrival_connections, layout_rooms, corexii_hall_statues_s,
          wander_ebering_terrifying_dragon_lair
D:2:      kennysheep_big_flooded_room, layout_loops_cross,
          hellmonk_ecumenical_altar_dog_temple, basic_altar,
          chequers_serial_rivers_marsh, guppyfry_early_orc_mine, uniq_natasha
D:3:      layout_basic, lemuel_coloured_pillars_altar, lemuel_doored_altar,
          grunt_decor_fettered, uniq_ijyb, uniq_sigmund, uniq_jessica,
          uniq_crazy_yiuf_cottage

Skill      XL: |  1  2  3  4  5 |
---------------+----------------+-----
Conjurations   | 2 3 |  3.5
Spellcasting   | 3 |  3.3
Air Magic      | 4 |  4.2
Dodging        | |  1.8
Stealth        | |  3.0

Action                   |  1- 3 |  4- 6 || total
-------------------------+-------+-------++-------
Melee: Club              |     8 |       ||     8
       Short sword       |     4 |     5 ||     9
 Cast: Shock             |    34 |    79 ||   113
 Abil: Spit Poison       |     5 |     7 ||    12
Armor: Robe              |     5 |     3 ||     8
Dodge: Dodged            |    12 |    11 ||    23

Table legend: (Time is in decaauts)
 A = Elapsed time spent in this place.
 B = Non-inter-level travel time spent in this place.
 C = Inter-level travel time spent in this place.
 D = Time resting spent in this place.
 E = Time spent auto-exploring this place.
 F = Levels seen in this place.
 G = Mean time per level.
                   A        B        C        D        E       F      G
               +--------+--------+--------+--------+--------+-----+--------+
         Total |   3328 |   3241 |     87 |   1213 |   1601 |   3 | 1109.3 |
       Dungeon |   3328 |   3241 |     87 |   1213 |   1601 |   3 | 1109.3 |
               +--------+--------+--------+--------+--------+-----+--------+

Top non-repeatable levels by time:
     D:2: 2267 daAuts
     D:1: 1054 daAuts
     D:3: 6 daAuts
